 Dungeon Crawl Stone Soup version 0.17-a0-977-g4154171 (webtiles) character file.

1687447 Tesnorth the Conqueror (level 26, 266/266 HPs)
             Began as a Minotaur Wanderer on May 9, 2015.
             Was the Champion of Ashenzari.
             Escaped with the Orb
             ... and 3 runes on May 10, 2015!
             The game lasted 04:07:27 (69289 turns).

Tesnorth the Conqueror (Minotaur Wanderer)         Turns: 69289, Time: 04:07:27

Health: 266/266    AC: 37    Str: 23    XL:     26   Next: 89%
Magic:  34/34      EV: 32    Int:  6    God:    Ashenzari [******]
Gold:   4703       SH:  0    Dex: 25    Spells: 0 memorised, 25 levels left

rFire  + + .     SeeInvis +     k - +9 battleaxe (vamp) (curse)
rCold  + . .     Clarity  +     z - +9 plate armour {MR+} (curse)
rNeg   . . .     SustAb   .     (no shield)
rPois  +         Gourm    .     G - +1 hat of Prudence {+Inv rPois rCorr Stlth-} (curse)
rElec  +         Spirit   .     b - +0 cloak {MR+} (curse)
rCorr  +         Warding  .     X - +2 pair of fencer's gloves {LBl+4 SBl+4 EV+3 Dex+6} (curse)
rMut   .         Stasis   .     V - +2 pair of boots {Stlth+} (curse)
MR     +++..                    R - amulet of regeneration
Stlth  ..........               M - ring of Wurrov {Ice +Fly rElec}
                                v - ring of Jadaenedo {rF+++ Stlth-} (curse)

@: extremely resistant to hostile enchantments, extremely unstealthy
A: retaliatory headbutt, horns 2, deformed body
a: Scrying, Transfer Knowledge, Renounce Religion, Evoke Invisibility, Evoke
Flight
0: Orb of Zot
}: 3/15 runes: decaying, slimy, gossamer


You escaped.
You worshipped Ashenzari.
Ashenzari was exalted by your worship.
You were full.

You visited 11 branches of the dungeon, and saw 59 of its levels.
You also visited: Labyrinth, Trove and Ice Cave.

You collected 7897 gold pieces.
You spent 3194 gold pieces at shops.

Inventory:

Hand weapons
 k - a cursed +9 vampiric battleaxe (weapon)
 J - a +9 battleaxe of chopping
Missiles
 H - 4 throwing nets (quivered) {!f}
Armour
 b - a cursed +0 cloak of magic resistance (worn)
 z - a cursed +9 plate armour of magic resistance (worn)
 G - the cursed +1 hat of Prudence (worn) {+Inv rPois rCorr Stlth-}
   (You found it in a treasure trove)

   It protects you from poison.
   It lets you turn invisible.
   It protects you from acid and corrosion.
   It makes you less stealthy.
   It has a curse placed upon it.
 V - a cursed +2 pair of boots of stealth (worn)
 X - the cursed +2 pair of fencer's gloves (worn) {LBl+4 SBl+4 EV+3 Dex+6}
   (You found it on level 6 of the Pits of Slime)

   It affects your evasion (+3).
   It affects your dexterity (+6).
   It has a curse placed upon it.
Jewellery
 v - the cursed ring of Jadaenedo (left hand) {rF+++ Stlth-}
   (You bought it in a shop on level 4 of the Orcish Mines)

   [ring of loudness]

   It renders you almost immune to fire.
   It makes you less stealthy.
   It has a curse placed upon it.
 A - the ring of Zocur {rF+ MR+ MP+9 Str+7}
   (You took it off a deep elf sorcerer on level 2 of the Depths)

   [ring of protection from magic]

   It affects your strength (+7).
   It protects you from fire.
   It affects your resistance to hostile enchantments.
   It affects your magic capacity (+9).
 M - the ring of Wurrov (right hand) {Ice +Fly rElec}
   (You found it on level 6 of the Pits of Slime)

   [ring of ice]

   It enhances your ice magic, and weakens your fire magic.
   It makes you vulnerable to fire.
   It protects you from cold.
   It insulates you from electricity.
   It lets you fly.
 R - an amulet of regeneration (around neck)
 U - an uncursed amulet of resist mutation
Magical devices
 a - a wand of invisibility (4)
 d - a wand of disintegration (3)
 y - a wand of polymorph (21)
 D - a wand of digging (5)
 I - a wand of frost (18)
 N - a wand of paralysis (7)
 O - a wand of disintegration (14)
 T - a wand of teleportation (4)
Scrolls
 e - 4 scrolls of fear {!r}
 f - 4 scrolls of fog {!r}
 g - 2 scrolls of silence
 i - 22 scrolls of identify
 m - 4 scrolls of remove curse
 o - 4 scrolls of vulnerability
 p - 9 scrolls of curse armour
 q - a scroll of curse jewellery
 r - a scroll of recharging {!r}
 s - 3 scrolls of magic mapping
 t - 12 scrolls of teleportation
 w - 5 scrolls of immolation {!r}
 B - 3 scrolls of blinking {!r}
 K - a scroll of curse weapon
 P - a scroll of summoning
Potions
 c - 5 potions of might
 h - 3 potions of agility
 l - 4 potions of haste
 n - 6 potions of cancellation
 u - 6 potions of heal wounds
 C - 3 potions of invisibility
 F - 6 potions of cure mutation
 L - 18 potions of curing
 Q - 3 potions of resistance
 S - 7 potions of flight
Miscellaneous
 x - a phial of floods
 Y - a lamp of fire (inert)
Comestibles
 j - 3 meat rations
 E - 25 bread rations


   Skills:
 O Level 27 Fighting
 - Level 23.4(27) Axes
   Level 1.1 Bows
 - Level 22.7(27) Armour
 * Level 25.1 Dodging
 - Level 1.0 Stealth
   Level 1.2 Shields
 + Level 17.4 Evocations


You had 25 spell levels left.
You didn't know any spells.

Dungeon Overview and Level Annotations

Branches:
Dungeon (15/15)            Temple (1/1) D:6            Lair (8/8) D:8
  Swamp (4/4) Lair:5       Spider (4/4) Lair:6        Slime (6/6) Lair:6
    Orc (4/4) D:10            Elf (3/3) Orc:4        Vaults (4/5) D:13
  Crypt (0/3) Vaults:2     Depths (5/5) D:15            Zot (5/5) Depths:5

Altars:
Ashenzari
Cheibriados
Dithmenos
Elyvilon
Fedhas
Gozag
Kikubaaqudgha
Makhleb
Nemelex Xobeh
Okawaru
Qazlal
Ru
Sif Muna
Trog
Vehumet
Xom
Yredelemnul
Zin
The Shining One
Beogh
Jiyva

Shops:
D:4 [   D:9 }   D:10 }(   D:13 %   D:14 =   Orc:1 :   Orc:4 [*([   Elf:3 !
Vaults:1 ([=*   Vaults:3 *(([

Portals:
Hell: Depths:1 Depths:2 Depths:3 Depths:4 Depths:5
Abyss: Depths:4
Pandemonium: Depths:1 Depths:3
Ziggurat: Depths:5

Annotations:
D:13 exclusion: obsidian statue
Lair:4 exclusion: oklob plant
Swamp:4 Lernaean hydra, Mara
Zot:5 1 exclusion


Innate Abilities, Weirdness & Mutations

You reflexively headbutt those who attack you in melee.
You have a pair of horns on your head.
Armour fits poorly on your strangely shaped body.


Message History

There is a stone staircase leading down here.
Things that are here:
a +0 scale mail; a +0 ring mail
Things that are here:
a +0 robe; an uncursed scythe You see here a cursed -1 club.
There is a stone staircase leading up here.
You climb upwards.
You sense a powerful magical force warping space.
There is a stone staircase leading down here.
You see here 3 scrolls of amnesia.
A quasit comes into view.
You can't go up here!
There is a stone staircase leading up here.
You climb upwards.
You sense a powerful magical force warping space.
There is a stone staircase leading down here.
You see here a +0 club.
There is a staircase leading out of the dungeon here.
You have escaped!

######......#...#...#..(...# #..
.........#...#..#..#...#...# ##.
######....#..#..#..#..#....# #.
######.....#..#.#.#..#.....# #.
........#...#.#.#.#.#...#..# #.
.........##..#.#.#.#..##...# #.
#.###......##.#...#.##.....# #.
##.##........#.....#.......#####.
##..>.######...@...######.......
##.##......).#.....#........#####
#.###......##.#...#.##......# .##
#....##..#.#.#.#..##...## .#
#...#...#.#.#.#.#...#..###### ##
#......#..#.#.#..#...........
#.....#..#..#..#..#....######
#....#...#..#..#...#..##
#####.......#...#...#.....#


There were no monsters in sight!

Vanquished Creatures
  the royal jelly (Slime:6)
  Dissolution (Slime:2)
  5 ancient liches (Zot:5)
  2 orbs of fire (Zot:5)
  Sojobo (Vaults:2)
  Saint Roka (Orc:4)
  3 Killer Klowns
  A curse toe (Zot:2)
  4 caustic shrikes
  3 golden dragons
  Nikola (Swamp:3)
  Jory (Depths:5)
  the Enchantress (Depths:5)
  2 electric golems (Zot:5)
  Jorgrun (Spider:4)
  12 tentacled monstrosities
  22 Orb Guardians
  A titan (Depths:2)
  4 liches
  An Executioner (D:9)
  17 acid blobs
  2 deep elf master archers (Elf:3)
  2 deep elf blademasters (Elf:3)
  2 quicksilver dragons
  3 sphinxes
  An octopode crusher (Depths:3)
  A shadow dragon (Zot:3)
  Frances (Elf:1)
  Kirke (Swamp:4)
  4 draconian monks
  6 thorn hunters
  10 storm dragons
  6 tengu reavers
  The ghost of HEYYEYAAE the Warrior, a mighty DsBe of Trog (Spider:4)
  11 azure jellies
  Wiglaf (Vaults:2)
  16 frost giants
  2 iron dragons
  5 deep elf sorcerers
  Maud (Lair:3)
  18 fire giants
  6 draconian knights
  4 draconian scorchers
  Aizul (Elf:1)
  6 emperor scorpions
  7 ghost moths
  4 draconian shifters
  13 vault wardens
  8 draconian zealots
  7 spriggan defenders
  26 stone giants
  2 draconian annihilators
  17 ironheart preservers
  5 very ugly things
  11 deep elf demonologists
  6 draconian callers
  5 green draconians
  The ghost of MordorOrchid the Imperceptible, a powerful SpBe of Trog (D:13)
  4 vampire knights
  5 purple draconians
  5 rakshasas (Depths:1)
  12 white draconians
  11 black draconians
  9 red draconians
  A salamander firebrand (Depths:5)
  7 mottled draconians
  8 deep elf annihilators
  7 yellow draconians
  15 fire dragons
  A blizzard demon (Zot:3)
  12 deep elf death magi
  The ghost of ImmaFairy the Covert, a powerful OpTm of Jiyva (Lair:2)
  13 ettins
  9 vault guards
  A minotaur (Lab)
  5 death oozes (Slime:6)
  12 great orbs of eyes
  2 deep elf high priests (Elf:3)
  6 death cobs
  Harold (Orc:3)
  11 hydras
  7 spriggan air magi
  9 entropy weavers
  14 yaktaur captains
  16 ice dragons
  A salamander stormcaller (Vaults:2)
  8 ogre magi
  4 deep troll shamans
  2 hell beasts
  A caustic shrike simulacrum (Depths:4)
  7 centaur warriors
  A death yak (Lair:6)
  17 alligators
  9 tengu warriors
  15 dancing weapons (Elf:2)
  4 orc high priests
  12 spriggan berserkers
  4 deep troll earth magi
  4 vampire magi
  8 spriggans
  2 soul eaters
  Nergalle (D:11)
  19 skeletal warriors
  An ice devil (Vaults:2)
  4 giant orange brains
  6 hell knights (Depths:3)
  5 iron trolls
  2 small abominations (Elf:3)
  4 fire crabs
  A salamander mystic (Depths:5)
  18 deep trolls
  A golden dragon zombie (Depths:4)
  6 deep elf summoners
  A sea snake (Depths:3)
  3 flayed ghosts
  24 deep elf knights
  4 wizards
  3 unseen horrors
  2 spriggan druids (Swamp:2)
  8 hill giants
  9 swamp dragons
  A golden dragon skeleton (Depths:4)
  A shadow dragon zombie (Depths:4)
  2 shambling mangroves (Swamp:2)
  11 ironbrand convokers
  A sphinx zombie (D:15)
  6 shining eyes
  A tengu zombie (D:15)
  20 orc knights
  16 deep elf conjurers
  9 orc sorcerers
  9 harpies
  20 wolf spiders
  5 large abominations (Elf:1)
  3 cyclopes (shapeshifter)
  5 necromancers
  3 manticores
  34 ugly things
  A shadow dragon skeleton (Vaults:3)
  10 orb spiders
  2 salamanders (Depths:5)
  5 griffons
  A frost giant zombie (D:15)
  An iron dragon skeleton (D:15)
  5 cyclopes
  2 sixfirhies
  24 moths of wrath
  A tengu skeleton (Vaults:4)
  37 elephants
  30 spiny frogs
  A fire giant skeleton (Vaults:4)
  8 hornets
  A guardian serpent (Lair:8)
  14 black mambas
  3 centaur zombies
  An elephant (shapeshifter) (Depths:2)
  A guardian serpent (shapeshifter) (Vaults:1)
  2 rust devils
  5 torpor snails
  3 orange demons
  A molten gargoyle (Lair:2)
  9 vault sentinels
  A yellow draconian zombie (Zot:5)
  A gargoyle (D:14)
  3 tengu conjurers
  3 kobold demonologists
  39 yaktaurs
  An elf (shapeshifter) (Vaults:4)
  11 komodo dragons
  A troll (shapeshifter) (Vaults:2)
  17 demonic crawlers
  A guardian mummy (D:15)
  A spriggan skeleton (Depths:1)
  3 minotaur zombies (Lab)
  A blue devil (D:8)
  2 efreet (Zot:4)
  2 red devils
  5 fire drakes
  2 queen bees (shapeshifter)
  14 trolls
  18 deep elf priests
  3 queen bees
  A jumping spider (shapeshifter) (Elf:2)
  2 wind drakes (shapeshifter)
  A fire drake (shapeshifter) (Depths:3)
  5 freezing wraiths
  11 polar bears
  7 giant leeches
  13 two-headed ogres
  23 jumping spiders
  A minotaur skeleton (Lab)
  5 elf zombies
  Grinder (D:3)
  Prince Ribbit (D:9)
  A raiju (Lair:8)
  26 ravens
  7 bog bodies
  3 boulder beetles
  25 blink frogs
  2 ravens (shapeshifter)
  5 air elementals
  4 shadows
  24 trapdoor spiders
  Sigmund (D:3)
  113 slime creatures
  41 redbacks
  A centaur simulacrum (D:15)
  5 hogs (Swamp:4)
  28 deep elf fighters
  A human (D:13)
  4 wyverns
  A vampire (D:13)
  28 tarantellas
  16 deep elf magi
  2 wraiths (D:12)
  A fire bat (shapeshifter) (Depths:4)
  3 fire bats (Lair:2)
  A neqoxec (Elf:3)
  6 hippogriffs
  A chaos spawn (D:12)
  A steam dragon (shapeshifter) (Vaults:2)
  5 water elementals
  55 yaks
  A yak (shapeshifter) (Depths:2)
  A ynoxinul (Vaults:2)
  3 basilisks
  8 golden eyes
  3 human simulacra
  A warg (shapeshifter) (Vaults:2)
  32 swamp worms
  2 hungry ghosts (D:9)
  A naga (shapeshifter) (Depths:4)
  45 vampire mosquitoes
  19 wolves
  21 insubstantial wisps
  17 wargs
  5 hell hounds
  23 water moccasins
  Duvessa (D:5)
  13 ice beasts
  12 wasps
  10 swamp drakes
  44 orc warriors
  2 phantoms
  22 spiders
  5 sky beasts
  19 porcupines
  13 black bears
  9 eyes of draining
  13 boggarts
  A dwarf (shapeshifter) (Vaults:3)
  An eye of draining (shapeshifter) (Depths:4)
  31 ogres
  8 centaurs
  A necrophage (D:8)
  16 crocodiles
  A human zombie (Vaults:3)
  16 big kobolds
  Dowan (D:5)
  24 giant frogs
  5 scorpions
  An elf simulacrum (Vaults:4)
  54 killer bees
  2 quasits
  2 electric eels (Spider:2)
  10 crimson imps
  46 orc priests
  16 jellies
  8 iguanas
  5 centaur skeletons
  A gnoll shaman (D:6)
  A giant frog zombie (D:7)
  15 hounds
  2 iron imps
  35 orc wizards
  5 giant frog skeletons
  Jessica (D:3)
  16 worker ants
  5 hell rats
  A killer bee zombie (D:10)
  15 sheep
  2 hound skeletons
  A worker ant zombie (D:8)
  Robin (D:3)
  9 gnolls
  17 adders
  59 river rats
  5 shadow imps
  An ufetubus (Depths:1)
  4 adder skeletons
  5 worms
  2 giant geckos (D:9)
  255 orcs
  A bat skeleton (D:8)
  5 giant cockroaches
  25 goblins
  18 hobgoblins
  14 jackals
  11 bats
  3 giant newts
  2 giant spores (D:10)
  33 kobolds
  4 quokkas
  A quokka skeleton (D:4)
  A quokka zombie (D:7)
  20 rats
  3 spectral orcs
  5 ballistomycetes
  14 briar patches (Swamp:2)
  2 crawling corpses (Elf:2)
  13 fungi
  26 plants
2912 creatures vanquished.

Vanquished Creatures (collateral kills)
  Norris (Vaults:1)
  Arachne (Spider:3)
  Rupert (Lair:8)
  An Ice Fiend (Depths:3)
  A titan (Depths:3)
  An Orb Guardian (Zot:5)
  3 deep elf sorcerers
  A vault warden (Vaults:3)
  A very ugly thing (Depths:5)
  2 deep elf demonologists
  A deep elf annihilator (Depths:3)
  A deep elf death mage (Vaults:1)
  3 hydras
  A rakshasa (Depths:3)
  An ogre mage (Vaults:3)
  A deep troll earth mage (Depths:3)
  A hell knight (Depths:3)
  A skeletal warrior (Vaults:1)
  A deep elf summoner (Elf:2)
  An ugly thing (Vaults:2)
  An elephant (Lair:8)
  A yaktaur (Vaults:3)
  A deep elf priest (Elf:2)
  A two-headed ogre (Vaults:3)
  2 deep elf magi
  A water moccasin (Lair:8)
  2 crocodiles (Lair:8)
  A killer bee (Spider:3)
  A hound (D:12)
  An orc priest (Orc:4)
  An orc (Orc:4)
  A plant (Lair:8)
39 creatures vanquished.

Vanquished Creatures (others)
  A deep troll (Zot:4)
  10 water elementals
  A jumping spider (Spider:4)
  2 two-headed ogres (Zot:4)
  A slime creature (Slime:1)
  A deep elf mage (D:12)
  9 fire elementals
  A vampire mosquito (Vaults:2)
  2 spiders
  A boggart (Vaults:1)
  3 lost souls
  A killer bee (Depths:3)
  An adder (D:9)
  An orc (D:10)
  2 giant spores
  A ballistomycete (D:10)
  A briar patch (Swamp:2)
  8 fungi
  11 plants
  9 toadstools (Lair:4)
67 creatures vanquished.

Grand Total: 3018 creatures vanquished

Notes
Turn   | Place    | Note
--------------------------------------------------------------
     0 | D:1      | Tesnorth, the Minotaur Wanderer, began the quest for the Orb.
     0 | D:1      | Tesnorth set off with: a +2 hand axe, a +0 ring mail, a potion of lignification, a bread ration
     0 | D:1      | Reached XP level 1. HP: 18/18 MP: 0/0
   273 | D:1      | Reached XP level 2. HP: 25/25 MP: 1/1
   806 | D:2      | Reached skill level 5 in Armour
  1186 | D:3      | Reached XP level 3. HP: 27/30 MP: 2/2
  1250 | D:3      | Noticed Grinder
  1400 | D:3      | Noticed Robin
  1424 | D:3      | Killed Robin
  1478 | D:3      | Paralysed by Grinder for 7 turns
  1494 | D:3      | Killed Grinder
  1494 | D:3      | Reached skill level 5 in Axes
  1494 | D:3      | Reached XP level 4. HP: 24/40 MP: 3/3
  1494 | D:3      | Reached XP level 5. HP: 27/46 MP: 4/4
  1579 | D:3      | Reached XP level 6. HP: 50/52 MP: 5/5
  1699 | D:3      | Noticed Sigmund
  1705 | D:3      | Killed Sigmund
  1705 | D:3      | Reached skill level 5 in Fighting
  1705 | D:3      | Reached skill level 6 in Axes
  1758 | D:3      | Noticed Jessica
  1765 | D:3      | Killed Jessica
  2178 | D:4      | Found Bidip's Antique Armour Boutique.
  2190 | D:4      | Bought a glowing chain mail for 90 gold pieces
  2245 | D:4      | Reached XP level 7. HP: 61/61 MP: 6/6
  2548 | D:4      | Found a sparkling altar of Nemelex Xobeh.
  2729 | D:4      | Reached skill level 7 in Axes
  3091 | D:5      | Entered Level 5 of the Dungeon
  3331 | D:5      | Reached skill level 8 in Axes
  3331 | D:5      | Reached XP level 8. HP: 31/71 MP: 7/7
  3532 | D:5      | Noticed Duvessa
  3551 | D:5      | Noticed Dowan
  3560 | D:5      | Killed Duvessa
  3571 | D:5      | Killed Dowan
  3858 | D:5      | Reached skill level 9 in Axes
  4015 | D:5      | Found a basalt altar of Yredelemnul.
  4271 | D:6      | Found a staircase to the Ecumenical Temple.
  4335 | Temple   | Entered the Ecumenical Temple
  4409 | Temple   | Became a worshipper of Ashenzari the Shackled
  4437 | D:6      | You fall through a shaft for 2 floors!
  4437 | D:8      | Found a bloodstained altar of Trog.
  4468 | D:8      | Found a staircase to the Lair.
  4518 | D:8      | Reached XP level 9. HP: 70/81 MP: 8/8
  4522 | D:8      | Reached skill level 10 in Axes
  4946 | D:7      | Found an opulent altar of Gozag.
  5668 | D:6      | Identified 2 scrolls of acquirement
  5704 | D:7      | Reached skill level 11 in Axes
  5742 | D:7      | Found an opulent altar of Gozag.
  6466 | D:8      | Noticed a queen bee
  6499 | D:8      | Killed a queen bee
  6499 | D:8      | Reached XP level 10. HP: 30/91 MP: 6/9
  6517 | D:8      | Reached skill level 12 in Axes
  6882 | D:8      | Reached skill level 10 in Armour
  6929 | D:8      | Noticed a spiny frog
  6938 | D:8      | Killed a spiny frog
  7634 | D:9      | Found Gaositam's Gadget Emporium.
  7786 | D:8      | Reached skill level 13 in Axes
  8058 | D:9      | Reached skill level 10 in Fighting
  8410 | D:9      | Reached skill level 1 in Evocations
  8482 | D:9      | Found a shadowy altar of Dithmenos.
  8639 | D:9      | Reached XP level 11. HP: 89/100 MP: 10/12
  8702 | D:9      | Found an ancient bone altar of Kikubaaqudgha.
  8786 | D:9      | Noticed Prince Ribbit
  9061 | D:10     | Entered Level 10 of the Dungeon
  9108 | D:10     | Found Xiexkoc's Gadget Emporium.
  9322 | D:10     | Found a staircase to the Orcish Mines.
  9324 | D:10     | Found Zyastair's Weapon Boutique.
  9357 | D:10     | Acquired Ashenzari's first power
  9589 | D:10     | Reached skill level 5 in Evocations
 10068 | Lair:1   | Entered Level 1 of the Lair of Beasts
 10447 | Lair:1   | Reached skill level 14 in Axes
 11121 | Lair:2   | Noticed ImmaFairy's ghost (powerful OpTm)
 11494 | Lair:2   | Found a frozen archway.
 11503 | IceCv    | Entered an ice cave
 11609 | IceCv    | Noticed an ice statue
 11749 | Lair:2   | Reached skill level 15 in Axes
 11873 | Lair:2   | Acquired Ashenzari's second power
 11950 | Lair:2   | Reached XP level 12. HP: 99/110 MP: 14/14
 12190 | Lair:2   | Reached skill level 1 in Dodging
 12345 | Lair:2   | Killed ImmaFairy's ghost
 12858 | Lair:3   | Noticed Maud
 12877 | Lair:3   | Killed Maud
 12967 | Lair:3   | Identified the +8 chain mail of Magic {+Inv rN++ Str-5 Slay+2}
 13031 | Lair:3   | Reached skill level 16 in Axes
 13365 | Lair:3   | Acquired Ashenzari's third power
 13642 | Lair:3   | Identified the ring "Oquts" {Ice +Fly Slay+2}
 14057 | Lair:4   | Found a labyrinth entrance.
 14061 | Lab      | Entered a labyrinth
 14489 | Lab      | Noticed a minotaur
 14497 | Lab      | Killed a minotaur
 14497 | Lab      | Reached skill level 5 in Dodging
 14501 | Lab      | Identified the Guide on the Destructive Glacier
 14501 | Lab      | Identified a +5 rod of destruction (11/11) {!a}
 14505 | Lab      | Identified a +8 rod of shadows (12/12) {!a} (You found it in a labyrinth)
 14538 | Lab      | Identified a +3 rod of inaccuracy (11/11) {!a} (You found it in a labyrinth)
 14560 | Lab      | Reached XP level 13. HP: 95/119 MP: 13/15
 14873 | Lair:4   | Found a sparkling altar of Nemelex Xobeh.
 14930 | Lair:4   | Reached skill level 17 in Axes
 15133 | Lair:4   | Acquired Ashenzari's fourth power
 15338 | Lair:4   | Found a blossoming altar of Fedhas.
 16445 | Lair:6   | Found a runed door.
 16446 | Lair:6   | Found a viscous altar of Jiyva.
 16447 | Lair:6   | Noticed an azure jelly
 16448 | Lair:6   | Found a staircase to the Slime Pits.
 16448 | Lair:6   | Noticed an azure jelly
 16463 | Lair:6   | Identified the +3 leather armour "Vyetil" {rElec Regen+ Int+4 Slay-5}
 16872 | Lair:6   | Found a hole to the Spider Nest.
 17623 | Lair:7   | Reached XP level 14. HP: 130/130 MP: 16/16
 18661 | Lair:8   | Entered Level 8 of the Lair of Beasts
 18698 | Lair:8   | Reached skill level 18 in Axes
 18798 | Lair:8   | Noticed Rupert
 18810 | Lair:8   | Killed Rupert
 19933 | Lair:8   | Reached skill level 15 in Armour
 20029 | Lair:8   | Reached skill level 15 in Fighting
 20494 | Lair:8   | Reached XP level 15. HP: 114/141 MP: 13/17
 20811 | Orc:1    | Entered Level 1 of the Orcish Mines
 21770 | Orc:1    | Found Qideant's Book Boutique.
 22296 | Orc:3    | Found a roughly hewn altar of Beogh.
 22390 | Orc:3    | Noticed Harold
 22404 | Orc:3    | Killed Harold
 22603 | Orc:3    | Reached skill level 10 in Dodging
 22874 | Orc:2    | Found a roughly hewn altar of Beogh.
 23021 | Orc:4    | Entered Level 4 of the Orcish Mines
 23134 | Orc:4    | Found a roughly hewn altar of Beogh.
 23163 | Orc:4    | Found a roughly hewn altar of Beogh.
 23212 | Orc:4    | Found a roughly hewn altar of Beogh.
 23214 | Orc:4    | Found a roughly hewn altar of Beogh.
 23389 | Orc:4    | Found a roughly hewn altar of Beogh.
 23389 | Orc:4    | Found Kawanec's Armour Boutique.
 23433 | Orc:4    | Found a radiant altar of Vehumet.
 23574 | Orc:4    | Found a staircase to the Elven Halls.
 23662 | Orc:4    | Found a roughly hewn altar of Beogh.
 23663 | Orc:4    | Found Feuhal's Assorted Antiques.
 23686 | Orc:4    | Bought an agate ring for 135 gold pieces
 23686 | Orc:4    | Bought a coiled lead ring for 135 gold pieces
 23686 | Orc:4    | Identified the ring of Jadaenedo {rF+++ Stlth-} (You bought it in a shop on level 4 of the Orcish Mines)
 23690 | Orc:4    | lol
 23967 | Orc:4    | Reached skill level 19 in Axes
 24049 | Orc:4    | Noticed Saint Roka
 24072 | Orc:4    | Killed Saint Roka
 24109 | Orc:4    | Found Gavyuk's Antique Weapon Boutique.
 24110 | Orc:4    | Found a roughly hewn altar of Beogh.
 24113 | Orc:4    | Found Xecukkat's Antique Armour Shop.
 24120 | Orc:4    | Bought a faintly glowing chain mail for 304 gold pieces
 24120 | Orc:4    | Identified the cursed +1 chain mail of Feasting {rPois rF- rN+ SInv} (You bought it in a shop on level 4 of the Orcish Mines)
 24133 | Orc:4    | Bought a shiny plate armour for 736 gold pieces
 24606 | D:11     | Noticed Nergalle
 24618 | D:11     | Killed Nergalle
 25420 | D:12     | Noticed Sonja
 25421 | D:12     | Noticed Sonja
 25421 | D:12     | Sonja changed into Sonja the eye of draining
 25425 | D:12     | Killed Sonja the eye of draining
 25664 | D:12     | Identified the cursed +1 mace of Resourcefulness {elec, +Inv Int+2}
 25959 | D:13     | Found Eghuzxim's Food Shop.
 25961 | D:13     | Noticed MordorOrchid's ghost (powerful SpBe)
 26004 | D:13     | Killed MordorOrchid's ghost
 26614 | D:13     | Found a gate to the Vaults.
 27429 | D:14     | Found Laeg's Jewellery Boutique.
 27613 | D:14     | Reached XP level 16. HP: 151/151 MP: 18/18
 27869 | D:15     | Entered Level 15 of the Dungeon
 27933 | D:15     | Found a staircase to the Depths.
 28067 | D:15     | Identified a cursed +0 rod of inaccuracy (12/12)
 29197 | Lair:5   | Found a staircase to the Swamp.
 29732 | Spider:1 | Entered Level 1 of the Spider Nest
 29773 | Spider:1 | Reached skill level 20 in Axes
 31860 | Spider:3 | Noticed Arachne
 32024 | Spider:3 | Killed Arachne
 32858 | Spider:4 | Entered Level 4 of the Spider Nest
 32925 | Spider:4 | Reached XP level 17. HP: 158/162 MP: 16/19
 33366 | Spider:4 | Noticed HEYYEYAAE's ghost (mighty DsBe)
 33750 | Spider:4 | Noticed Jorgrun
 33770 | Spider:4 | Killed Jorgrun
 34073 | Spider:4 | Killed HEYYEYAAE's ghost
 34538 | Spider:4 | Got a gossamer rune of Zot
 35238 | Lair:5   | Upgraded the game from 0.17-a0-968-gf8e1f1d to 0.17-a0-977-g4154171
 35240 | Swamp:1  | Entered Level 1 of the Swamp
 36812 | Swamp:2  | Noticed Louise
 36818 | Swamp:2  | Noticed Louise
 36818 | Swamp:2  | Louise changed into Louise the giant leech
 36830 | Swamp:2  | Killed Louise the giant leech
 37031 | Swamp:2  | Reached XP level 18. HP: 129/171 MP: 16/24
 37706 | Swamp:3  | Reached skill level 10 in Evocations
 38811 | Swamp:4  | Entered Level 4 of the Swamp
 38811 | Swamp:4  | Noticed Nikola
 38823 | Swamp:3  | Killed Nikola
 38830 | Swamp:4  | Reached skill level 21 in Axes
 39126 | Swamp:4  | Noticed Mara
 39245 | Swamp:4  | Noticed the 27-headed Lernaean hydra
 39285 | Swamp:4  | Noticed Kirke
 39295 | Swamp:4  | Killed Kirke
 39612 | Swamp:4  | Got a decaying rune of Zot
 40025 | Vaults:1 | Entered Level 1 of the Vaults
 40472 | Vaults:1 | Found Winuit's Assorted Antiques.
 40477 | Vaults:1 | Bought a shiny brass wand for 144 gold pieces
 40477 | Vaults:1 | Bought a potion of heal wounds for 180 gold pieces
 40477 | Vaults:1 | Bought a scroll of enchant armour for 270 gold pieces
 40576 | Vaults:1 | Found Ryosorow's Antique Armour Shop.
 41199 | Vaults:1 | Identified the +0 scale mail of Wrong Decisions {rC++ MR- Str+2} (You took it off a skeletal warrior on level 1 of the Vaults)
 41216 | Vaults:1 | Noticed Norris
 41223 | Vaults:1 | Reached XP level 19. HP: 181/181 MP: 26/26
 41223 | Vaults:1 | Paralysed by Norris for 3 turns
 41232 | Vaults:1 | Killed Norris
 41421 | Vaults:1 | Found Acwusea's Jewellery Shoppe.
 41446 | Vaults:1 | Bought an uncursed ring of protection from magic for 425 gold pieces
 41699 | Vaults:1 | Found Icuwoe Ytha's Antique Weapon Shoppe.
 42148 | Vaults:2 | Reached skill level 15 in Dodging
 42207 | Vaults:2 | Noticed Sojobo
 42787 | Vaults:2 | Reached skill level 22 in Axes
 42819 | Vaults:2 | Killed Sojobo
 43069 | Vaults:2 | Paralysed by a hornet for 4 turns
 43393 | Vaults:2 | Noticed Wiglaf
 43415 | Vaults:2 | Killed Wiglaf
 43674 | Vaults:2 | Found a staircase to the Crypt.
 43674 | Vaults:2 | Found a basalt altar of Yredelemnul.
 43684 | Vaults:2 | Found an ancient bone altar of Kikubaaqudgha.
 44065 | Vaults:3 | Reached XP level 20. HP: 112/191 MP: 17/27
 44228 | Vaults:3 | Found Hang's Weapon Shop.
 44286 | Vaults:3 | Identified the +7 hand axe "Amuat" {chop, rElec rC++} (You took it off a deep elf fighter on level 3 of the Vaults)
 44594 | Vaults:3 | Found Fasaacw's Assorted Antiques.
 45926 | Vaults:3 | Found Wedd's Armour Shoppe.
 46181 | Vaults:3 | Found Citwoy's Antique Weapon Shop.
 48054 | Depths:1 | Entered Level 1 of the Depths
 48308 | Depths:1 | Found a glowing golden altar of the Shining One.
 48366 | Depths:1 | Found a gateway to Hell.
 48441 | Depths:1 | Reached XP level 21. HP: 200/202 MP: 29/29
 48578 | Depths:1 | Reached skill level 23 in Axes
 48589 | Depths:1 | Found a snail-covered altar of Cheibriados.
 48609 | Depths:1 | Found a one-way gate leading to the halls of Pandemonium.
 49342 | Depths:2 | Identified the ring of Dishonesty {rPois rC+ EV+1 Int-5} (You took it off a vampire mage on level 2 of the Depths)
 49483 | Depths:2 | Identified the ring of Zocur {rF+ MR+ MP+9 Str+7} (You took it off a deep elf sorcerer on level 2 of the Depths)
 51211 | Depths:3 | Found a runed door.
 51560 | Depths:3 | Noticed a caustic shrike
 51569 | Depths:3 | Killed a caustic shrike
 51739 | Depths:3 | Reached XP level 22. HP: 213/213 MP: 30/30
 52649 | Depths:3 | Noticed a caustic shrike
 52661 | Depths:3 | Killed a caustic shrike
 52919 | Depths:3 | Identified the +2 leather armour "Yvvul" {Str+2}
 53291 | Depths:4 | Found a one-way gate to the infinite horrors of the Abyss.
 54482 | Depths:4 | Identified the Almanac of the Dozen Suns
 54789 | Depths:4 | Found a portal to a secret trove of treasure.
 55028 | Depths:5 | Entered Level 5 of the Depths
 55153 | Depths:5 | Reached XP level 23. HP: 172/224 MP: 32/32
 55156 | Depths:5 | Noticed the Enchantress
 55165 | Depths:5 | Killed the Enchantress
 55165 | Depths:5 | Identified the +1 faerie dragon armour {Dex+4} (You took it off the Enchantress on level 5 of the Depths)
 55612 | Depths:5 | Noticed Jory
 55637 | Depths:5 | Killed Jory
 56306 | Depths:5 | Found a gateway to a ziggurat.
 56314 | Depths:5 | Found a gate to the Realm of Zot.
 57200 | Elf:1    | Entered Level 1 of the Elven Halls
 57238 | Elf:1    | Noticed Frances
 57251 | Elf:1    | Killed Frances
 57404 | Elf:1    | Noticed Aizul
 57411 | Elf:1    | Killed Aizul
 57801 | Elf:1    | Identified Cigotuvi's Handbook of Evil Arts
 58080 | Elf:2    | Found a deep blue altar of Sif Muna.
 58519 | Elf:2    | Found a runed gate.
 58522 | Elf:2    | Found a runed gate.
 58536 | Elf:2    | Found a runed gate.
 59167 | Elf:3    | Entered Level 3 of the Elven Halls
 60032 | Elf:3    | Identified the cursed +1 robe "Zeerumic" {Contam rElec Str+4} (You took it off a deep elf annihilator on level 3 of the Elven Halls)
 60196 | Elf:3    | Identified the cursed +1 shortbow "Vyufef" {flame, Str+6 Dex+5 Stlth-}
 60203 | Elf:3    | Identified the ring "Qulor" {Fire rElec} (You took it off a deep elf blademaster on level 3 of the Elven Halls)
 60203 | Elf:3    | Reached XP level 24. HP: 201/237 MP: 32/32
 60220 | Elf:3    | Identified the ring "Walym" {SustAb rPois rC- Str+3 SInv} (You took it off a deep elf master archer on level 3 of the Elven Halls)
 60226 | Elf:3    | Identified a +4 rod of inaccuracy (7/12) (You took it off a deep elf summoner on level 3 of the Elven Halls)
 60371 | Elf:3    | Identified the +3 morningstar of Ledudos {crush, Int+4}
 60532 | Elf:3    | Found Zemeilorch's Distillery.
 60535 | Elf:3    | Bought a potion of heal wounds for 85 gold pieces
 60535 | Elf:3    | Bought a potion of might for 68 gold pieces
 61177 | Vaults:1 | Bought a scroll of enchant weapon for 270 gold pieces
 61177 | Vaults:1 | Bought a scroll of fog for 72 gold pieces
 61845 | D:14     | Bought an uncursed amulet of resist corrosion for 280 gold pieces
 62215 | Lair:6   | Killed an azure jelly
 62227 | Lair:6   | Killed an azure jelly
 62236 | Slime:1  | Entered Level 1 of the Pits of Slime
 62253 | Slime:1  | Reached skill level 24 in Fighting
 62274 | Slime:2  | Noticed Dissolution
 62279 | Slime:2  | Killed Dissolution
 62361 | Slime:3  | Found a viscous altar of Jiyva.
 62854 | Slime:6  | Entered Level 6 of the Pits of Slime
 62995 | Slime:6  | Found a viscous altar of Jiyva.
 63013 | Slime:6  | Noticed the royal jelly
 63024 | Slime:6  | Reached skill level 15 in Evocations
 63067 | Slime:6  | Killed the royal jelly
 63068 | Slime:6  | Identified the cursed +0 chain mail of the Big Bang {-Tele rElec rF++ rC+}
 63068 | Slime:6  | Identified the cursed +1 glaive of the Vestibule of Hell {antimagic, MP+9 Int+2 Dex+3 Stlth-}
 63068 | Slime:6  | Identified the cursed +1 ring mail "Reral" {rElec rC+ MR+}
 63097 | Slime:6  | Identified the ring of Ysuill {EV+2 Str+4}
 63097 | Slime:6  | Identified the +9 plate armour "Bokhae" {-Cast rC+++ Str-5 Int+3}
 63110 | Slime:6  | Identified the +1 quarterstaff of the Nine Realms {crush, rPois rF+ Str+5}
 63110 | Slime:6  | Identified the ring of the First Curses {+Fly rElec Str+4 Int+5 Dex-5}
 63110 | Slime:6  | Identified the ring of Wurrov {Ice +Fly rElec}
 63111 | Slime:6  | Identified a +0 rod of inaccuracy (13/13)
 63244 | Slime:6  | Got a slimy rune of Zot
 63246 | Slime:6  | Identified Kuhaefre's Grimoire of the Entrancing Entourage
 63871 | Zot:1    | Entered Level 1 of the Realm of Zot
 63964 | Depths:4 | You showed the slimy rune of Zot to enter a treasure trove
 63965 | Trove    | Entered a treasure trove
 63971 | Trove    | Identified the cursed ring of Birheh {+cTele rF+++ Str+4 Int-4}
 63971 | Trove    | Identified the cursed +1 hat of Prudence {+Inv rPois rCorr Stlth-}
 64447 | Zot:1    | Reached skill level 25 in Fighting
 65098 | Zot:2    | HP: 12/242 [??? (9)]
 65594 | Zot:3    | Reached XP level 25. HP: 250/250 MP: 33/33
 66507 | Zot:3    | Reached skill level 26 in Fighting
 66561 | Zot:3    | Found a shimmering altar of Xom.
 67011 | Zot:5    | Entered Level 5 of the Realm of Zot
 67419 | Zot:5    | Reached XP level 26. HP: 264/264 MP: 34/34
 67642 | Zot:5    | Noticed an ancient lich
 67711 | Zot:5    | Killed an ancient lich
 67783 | Zot:5    | Noticed an ancient lich
 67877 | Zot:5    | Killed an ancient lich
 67877 | Zot:5    | Reached skill level 27 in Fighting
 67898 | Zot:5    | Noticed an ancient lich
 68049 | Zot:5    | Noticed an orb of fire
 68064 | Zot:5    | Killed an orb of fire
 68073 | Zot:5    | Noticed an ancient lich
 68084 | Zot:5    | Killed an ancient lich
 68217 | Zot:5    | Noticed an ancient lich
 68230 | Zot:5    | Killed an ancient lich
 68286 | Zot:5    | Noticed an orb of fire
 68294 | Zot:5    | Gained mutation: Armour fits poorly on your strangely shaped body. [an orb of fire]
 68311 | Zot:5    | Killed an orb of fire
 68330 | Zot:5    | Noticed an ancient lich
 68349 | Zot:5    | Killed an ancient lich
 68626 | Zot:5    | Got the Orb of Zot
 68648 | Zot:5    | Noticed Woucontu the pandemonium lord
 69026 | D:13     | Noticed Menyirhay the pandemonium lord
 69112 | D:9      | Killed Prince Ribbit
 69289 | D:$      | Escaped with the Orb!

Vault maps used:
D:1:      minmay_arrival_radiant_lines
D:2:      first_bread, minmay_misc_feat_roman
D:3:      grunt_decor_clamped, minmay_misc_feat_diagonals, uniq_sigmund,
          uniq_robin, uniq_grinder, uniq_jessica
D:4:      kennysheep_big_flooded_room, serial_shops, shop, serial_bayou_pond_a,
          grunt_ministairs_3, nemelex_diamond_rough_becter
D:5:      yredelemnul_forgotten_temple_becter, minmay_crystal_water,
          minmay_misc_feat_pillars, uniq_duvessa
D:6:      minmay_temple_entry_large_hall
D:7:      kennysheep_little_box, nicolae_gozag_cash_rules_everything_around_me
D:8:      lemuel_crystal_altar, dpeg_lair_monsters, special_room,
          david_nohive_1, minmay_misc_feat_alley, st_stairs_10,
          nicolae_wand_duel
D:9:      kiku_gazebo_pond_becter, serial_shops, nicolae_shop_statue_plus,
          basic_altar, minmay_door_square, kennysheep_nub, uniq_prince_ribbit1
D:10:     orc_david_3, serial_shops, shop, nrook_loot_triangle
D:11:     uniq_nergalle
D:12:     uniq_sonja
D:13:     grunt_vaults_entry_fortified, serial_shops,
          nicolae_shop_window_shopping, minmay_statue_bubble
D:14:     serial_park_tiny_2, serial_shops, kennysheep_mini_moat
D:15:     gammafunk_depths_entry_grave
Temple:   eino_wide_crystal_templ_15
Lair:2:   portal_ice_cave_entry_pillars_03, serial_bayou_lagoon_a
Lair:3:   serial_bayou_shore_a, uniq_maud
Lair:4:   basic_altar, lab_entry_generic, tgw_fedhas
Lair:5:   swamp_mist, worms_lemuel, grunt_megastairs_2
Lair:6:   nicolae_spider_entry_orb_guardian, slime_altar_2, beast_lair_carwin_1
Lair:7:   serial_bayou_shore_b, grunt_megastairs_4
Lair:8:   hangedman_lair_caniforms_friends, hangedman_lair_tendril_chambers,
          uniq_rupert
Swamp:1:  evilmike_swamp_ruin_house_1
Swamp:2:  nicolae_swamp_round_clearing, uniq_louise
Swamp:3:  nicolae_swamp_feature_on_the_river_bank, infiniplex_staircase_pool_2
Swamp:4:  swamp_old_school, swamp_pool4, hangedman_swamp_lotus,
          nicolae_swamp_alligator_family, uniq_nikola, uniq_mara, uniq_kirke
Spider:3: nicolae_looking_at_the_future, nicolae_spider_cling_ruins,
          uniq_arachne
Spider:4: grunt_spider_rune_circles, uniq_jorgrun
Slime:1:  nicolae_slime_ancient_tower_intersection
Slime:2:  dissolution_awaits
Slime:3:  basic_altar
Slime:4:  nicolae_slime_welcoming_committee
Orc:1:    serial_shops, nicolae_shop_statue_plus
Orc:2:    minmay_orc_temple_a
Orc:3:    nicolae_orc_pool_cavern, minmay_orc_temple_b, uniq_harold
Orc:4:    grunt_orc_community_town_hall, grunt_orc_community_big_house_1,
          grunt_orc_community_big_house_1, grunt_orc_community_house_2,
          grunt_orc_community_house_2, grunt_orc_community_house_3,
          grunt_orc_community_house_3, grunt_orc_community_house_1, basic_altar,
          hangedman_feature_mirror
Elf:1:    minmay_elf_necromancy, minmay_misc_feat_cross, uniq_frances,
          uniq_aizul
Elf:2:    st_stairs_5, tgw_sif
Elf:3:    elf_hall_gauntlet_wide, serial_shops, shop
Vaults:1: nicolae_vaults_diagonal_hallway_7, v_misc_5,
          nicolae_vaults_hallways_thing, v_misc_25, vaults_dpeg_spiral,
          hangedman_vaults_capsules, vaults_standard_mumra_enter_the_diamond,
          v_misc_19, v_misc_28, nicolae_vaults_border_crossing, v_misc_14,
          nicolae_vaults_windows_and_doors_thing, vaults_room_pools,
          serial_shops, nicolae_shop_stone,
          nicolae_shop_temple_entry_statues_fountains, shop, shop_statue,
          uniq_norris
Vaults:2: minmay_crypt_entry_necro_gods, nicolae_vaults_ninety_degrees,
          hangedman_vaults_impose, ontoclasm_vaults_gallery, vaults_room_grid,
          nicolae_vaults_little_ls, dpeg_vaults_monster_box, v_pattern_5,
          nicolae_vaults_alarming, vaults_mumra_minichess, nicolae_vaults_theta,
          v_alt_pattern_6, uniq_sojobo, uniq_wiglaf
Vaults:3: vaults_room_semicircle, st_cross, v_pattern_3,
          ontoclasm_vaults_gateway, v_misc_22, v_misc_22, vaults_dpeg_diagonal,
          ontoclasm_vaults_decontamination, dpeg_vaults_monster_row,
          vaults_standard_mumra_lines, nicolae_vaults_asterisk, serial_shops,
          shop_fountains, shop_statue, shop, nicolae_shop_overgrown_old_shop
Vaults:4: ontoclasm_vaults_hangar, v_rooms_2, ontoclasm_vaults_ring_small,
          vaults_mumra_hex, hangedman_vaults_slice, v_pattern_1
Depths:1: grunt_mini_vestibule, pan_entry, tso_metal_star, cheibriados_altar_1
Depths:2: minmay_central_circle, pf_hell_entry_tar_spiral,
          minmay_misc_feat_encased, minmay_holes, minmay_staircase_statues
Depths:3: box_level_dp, hell_entry, pan_entry
Depths:4: evilmike_diamond_2, enter_trove_6, grunt_hell_entry_dis_grunt,
          minmay_misc_feat_rows, nicolae_abyss_entry_one_way_or_another
Depths:5: grunt_zot_entry_alcove, enter_ziggurat_f, pf_dread_powers_of_hell,
          serial_sigils_hangedman_snap, uniq_enchantress, uniq_saint_roka,
          uniq_jory
Zot:2:    st_stairs_8
Zot:3:    basic_altar, st_small_dragon_hoard_4, grunt_ministairs_13
Zot:4:    lemuel_halls_of_wrath
Lab:      labyrinth_hidden_loot, lab_statue
Trove:    trove_simple
IceCv:    ice_cave_small_dragons

Action                   |  1- 3 |  4- 6 |  7- 9 | 10-12 | 13-15 | 16-18 | 19-21 | 22-24 | 25-27 || total
-------------------------+-------+-------+-------+-------+-------+-------+-------+-------+-------++-------
Melee: Hand axe          |    88 |    41 |   299 |       |       |       |       |       |       ||   428
       Battleaxe         |       |       |    85 |   723 |  1357 |  1350 |  1369 |  1530 |   849 ||  7263
 Fire: Blowgun           |       |       |    24 |       |       |       |       |       |       ||    24
Throw: Tomahawk          |     8 |     1 |     2 |     6 |       |       |       |       |       ||    17
       Throwing net      |       |       |       |       |       |       |       |       |     6 ||     6
Evoke: Wand              |       |       |     1 |    32 |    14 |    16 |    20 |    13 |     5 ||   101
       Lamp of fire      |       |       |       |       |     2 |     4 |     3 |     1 |     1 ||    11
       Sack of spiders   |       |       |       |       |     5 |     1 |     1 |       |       ||     7
       Phial of floods   |       |       |       |       |     2 |     5 |     6 |     5 |     1 ||    19
  Use: Scroll            |     5 |     1 |    19 |    10 |    25 |    12 |    22 |    23 |    10 ||   127
       Potion            |     1 |       |     3 |     4 |     2 |     5 |    10 |    12 |     3 ||    40
 Stab: Invisible         |       |       |       |     2 |       |       |       |       |       ||     2
       Distracted        |       |       |       |       |     7 |       |     4 |     2 |       ||    13
       Held in net/web   |       |       |       |       |       |     2 |       |       |    16 ||    18
       Paralysed         |       |       |       |       |       |       |     7 |       |     2 ||     9
  Eat: Pizza             |     1 |       |       |       |       |       |     1 |     2 |       ||     4
       Chunk             |       |     3 |    14 |     7 |    29 |     6 |    11 |    17 |       ||    87
       Beef jerky        |       |       |     1 |       |     7 |    16 |     1 |     3 |       ||    28
       Fruit             |       |       |       |     3 |       |       |     4 |       |       ||     7
       Royal jelly       |       |       |       |     7 |       |       |     2 |     2 |       ||    11
       Bread ration      |       |       |       |     1 |       |     1 |       |       |       ||     2
       Meat ration       |       |       |       |     1 |       |     2 |     4 |     7 |     3 ||    17

Vault maps used:
D:1:      minmay_arrival_radiant_lines
D:2:      first_bread, minmay_misc_feat_roman
D:3:      grunt_decor_clamped, minmay_misc_feat_diagonals, uniq_sigmund,
          uniq_robin, uniq_grinder, uniq_jessica
D:4:      kennysheep_big_flooded_room, serial_shops, shop, serial_bayou_pond_a,
          grunt_ministairs_3, nemelex_diamond_rough_becter
D:5:      yredelemnul_forgotten_temple_becter, minmay_crystal_water,
          minmay_misc_feat_pillars, uniq_duvessa
D:6:      minmay_temple_entry_large_hall
D:7:      kennysheep_little_box, nicolae_gozag_cash_rules_everything_around_me
D:8:      lemuel_crystal_altar, dpeg_lair_monsters, special_room,
          david_nohive_1, minmay_misc_feat_alley, st_stairs_10,
          nicolae_wand_duel
D:9:      kiku_gazebo_pond_becter, serial_shops, nicolae_shop_statue_plus,
          basic_altar, minmay_door_square, kennysheep_nub, uniq_prince_ribbit1
D:10:     orc_david_3, serial_shops, shop, nrook_loot_triangle
D:11:     uniq_nergalle
D:12:     uniq_sonja
D:13:     grunt_vaults_entry_fortified, serial_shops,
          nicolae_shop_window_shopping, minmay_statue_bubble
D:14:     serial_park_tiny_2, serial_shops, kennysheep_mini_moat
D:15:     gammafunk_depths_entry_grave
Temple:   eino_wide_crystal_templ_15
Lair:2:   portal_ice_cave_entry_pillars_03, serial_bayou_lagoon_a
Lair:3:   serial_bayou_shore_a, uniq_maud
Lair:4:   basic_altar, lab_entry_generic, tgw_fedhas
Lair:5:   swamp_mist, worms_lemuel, grunt_megastairs_2
Lair:6:   nicolae_spider_entry_orb_guardian, slime_altar_2, beast_lair_carwin_1
Lair:7:   serial_bayou_shore_b, grunt_megastairs_4
Lair:8:   hangedman_lair_caniforms_friends, hangedman_lair_tendril_chambers,
          uniq_rupert
Swamp:1:  evilmike_swamp_ruin_house_1
Swamp:2:  nicolae_swamp_round_clearing, uniq_louise
Swamp:3:  nicolae_swamp_feature_on_the_river_bank, infiniplex_staircase_pool_2
Swamp:4:  swamp_old_school, swamp_pool4, hangedman_swamp_lotus,
          nicolae_swamp_alligator_family, uniq_nikola, uniq_mara, uniq_kirke
Spider:3: nicolae_looking_at_the_future, nicolae_spider_cling_ruins,
          uniq_arachne
Spider:4: grunt_spider_rune_circles, uniq_jorgrun
Slime:1:  nicolae_slime_ancient_tower_intersection
Slime:2:  dissolution_awaits
Slime:3:  basic_altar
Slime:4:  nicolae_slime_welcoming_committee
Orc:1:    serial_shops, nicolae_shop_statue_plus
Orc:2:    minmay_orc_temple_a
Orc:3:    nicolae_orc_pool_cavern, minmay_orc_temple_b, uniq_harold
Orc:4:    grunt_orc_community_town_hall, grunt_orc_community_big_house_1,
          grunt_orc_community_big_house_1, grunt_orc_community_house_2,
          grunt_orc_community_house_2, grunt_orc_community_house_3,
          grunt_orc_community_house_3, grunt_orc_community_house_1, basic_altar,
          hangedman_feature_mirror
Elf:1:    minmay_elf_necromancy, minmay_misc_feat_cross, uniq_frances,
          uniq_aizul
Elf:2:    st_stairs_5, tgw_sif
Elf:3:    elf_hall_gauntlet_wide, serial_shops, shop
Vaults:1: nicolae_vaults_diagonal_hallway_7, v_misc_5,
          nicolae_vaults_hallways_thing, v_misc_25, vaults_dpeg_spiral,
          hangedman_vaults_capsules, vaults_standard_mumra_enter_the_diamond,
          v_misc_19, v_misc_28, nicolae_vaults_border_crossing, v_misc_14,
          nicolae_vaults_windows_and_doors_thing, vaults_room_pools,
          serial_shops, nicolae_shop_stone,
          nicolae_shop_temple_entry_statues_fountains, shop, shop_statue,
          uniq_norris
Vaults:2: minmay_crypt_entry_necro_gods, nicolae_vaults_ninety_degrees,
          hangedman_vaults_impose, ontoclasm_vaults_gallery, vaults_room_grid,
          nicolae_vaults_little_ls, dpeg_vaults_monster_box, v_pattern_5,
          nicolae_vaults_alarming, vaults_mumra_minichess, nicolae_vaults_theta,
          v_alt_pattern_6, uniq_sojobo, uniq_wiglaf
Vaults:3: vaults_room_semicircle, st_cross, v_pattern_3,
          ontoclasm_vaults_gateway, v_misc_22, v_misc_22, vaults_dpeg_diagonal,
          ontoclasm_vaults_decontamination, dpeg_vaults_monster_row,
          vaults_standard_mumra_lines, nicolae_vaults_asterisk, serial_shops,
          shop_fountains, shop_statue, shop, nicolae_shop_overgrown_old_shop
Vaults:4: ontoclasm_vaults_hangar, v_rooms_2, ontoclasm_vaults_ring_small,
          vaults_mumra_hex, hangedman_vaults_slice, v_pattern_1
Depths:1: grunt_mini_vestibule, pan_entry, tso_metal_star, cheibriados_altar_1
Depths:2: minmay_central_circle, pf_hell_entry_tar_spiral,
          minmay_misc_feat_encased, minmay_holes, minmay_staircase_statues
Depths:3: box_level_dp, hell_entry, pan_entry
Depths:4: evilmike_diamond_2, enter_trove_6, grunt_hell_entry_dis_grunt,
          minmay_misc_feat_rows, nicolae_abyss_entry_one_way_or_another
Depths:5: grunt_zot_entry_alcove, enter_ziggurat_f, pf_dread_powers_of_hell,
          serial_sigils_hangedman_snap, uniq_enchantress, uniq_saint_roka,
          uniq_jory
Zot:2:    st_stairs_8
Zot:3:    basic_altar, st_small_dragon_hoard_4, grunt_ministairs_13
Zot:4:    lemuel_halls_of_wrath
Lab:      labyrinth_hidden_loot, lab_statue
Trove:    trove_simple
IceCv:    ice_cave_small_dragons
